 Dungeon Crawl Stone Soup version 0.16-a0-623-g20b2139 (webtiles) character file.

443 PolkaDot the Chopper (level 7, -6/62 HPs)
             Began as a Hill Orc Fighter on Sept 17, 2014.
             Mangled by PolkaDot's ghost (15 damage)
             ... on Level 4 of the Dungeon.
             The game lasted 00:06:17 (2475 turns).

PolkaDot the Chopper (Hill Orc Fighter)             Turns: 2475, Time: 00:06:18

HP  -6/62        AC  9     Str 19      XL: 7   Next:  2%
MP   7/7         EV  9     Int  8      God:
Gold 208         SH  0     Dex 12      Spells:  0 memorised,  6 levels left

rFire  . . .     SeeInvis .     a - +0 war axe
rCold  . . .     Clarity  .     b - +0 scale mail
rNeg   . . .     rCorr    .     (no shield)
rPois  .         rRot     .     o - +1 hat
rElec  .         Spirit   .     j - +0 cloak
SustAb .         Warding  .     (no gloves)
rMut   .         Stasis   .     (no boots)
Gourm  .                        (no amulet)
MR     .....                    (no ring)
                                (no ring)

@: not resistant to hostile enchantments, extremely unstealthy
A: no striking features
a: no special abilities


You were on level 4 of the Dungeon.
You were hungry.

You visited 1 branch of the dungeon, and saw 4 of its levels.

You collected 208 gold pieces.

Inventory:

Hand weapons
 a - a +0 war axe (weapon)
Armour
 b - a +0 scale mail (worn)
 j - a +0 cloak (worn)
 o - a +1 hat (worn)
Magical devices
 l - a wand of slowing (0)
Comestibles
 c - a chunk of felid flesh
 d - 2 meat rations
 g - a beef jerky
 h - a bread ration
 p - 2 rotting chunks of goblin flesh
Scrolls
 e - a scroll of fog {unknown}
 k - a scroll of immolation {unknown}
 m - 3 scrolls of identify {unknown}
 q - a scroll of recharging {unknown}
 r - a scroll of amnesia {unknown}
Jewellery
 f - an uncursed ring of protection from cold {unknown}
 s - a cursed ring of teleportation {unknown}


   Skills:
 + Level 5.8 Fighting
 * Level 6.9 Axes
 + Level 4.9 Armour
   Level 3.2 Shields


You had 6 spell levels left.
You didn't know any spells.

Dungeon Overview and Level Annotations

Branches:
Dungeon (4/15)
 Temple: D:4-7

Altars:
Ashenzari
Dithmenos
Okawaru
The Shining One

Annotations:
D:4 PolkaDot's ghost, experienced HOGl


Message History

Your scale mail prevents you from hitting PolkaDot's ghost.
PolkaDot's ghost is almost destroyed.
PolkaDot's ghost hits you.
* * * LOW HITPOINT WARNING * * *
You barely miss PolkaDot's ghost.
PolkaDot's ghost is almost destroyed.
You feel a little less agile now. PolkaDot's ghost hits you!
* * * LOW HITPOINT WARNING * * *
You hit PolkaDot's ghost but do no damage.
PolkaDot's ghost is almost destroyed.
PolkaDot's ghost hits you.
* * * LOW HITPOINT WARNING * * *
You hit PolkaDot's ghost but do no damage.
PolkaDot's ghost is almost destroyed.
PolkaDot's ghost hits you but does no damage.
You barely miss PolkaDot's ghost.
PolkaDot's ghost is almost destroyed.
PolkaDot's ghost hits you!
You die...

.## ..# #.# ##.#
### ##..## .
#..####....##..#
#.......<....#
###
##...W...(..##
#.# ##..@.######
#.# #...## #.##
#..## #..####..#
##.......#
#.......#
##......#
#.....##
###...(.#


You could see PolkaDot's ghost.

Vanquished Creatures
  Grinder (D:3)
  Natasha (twice) (D:3)
  Jessica (D:2)
  A gnoll (D:1)
  6 adders
  An inept item mimic (D:2)
  4 worms
  5 giant geckos
  An ooze (D:2)
  6 orcs (D:3)
  2 giant cockroaches (D:2)
  9 goblins
  7 hobgoblins
  A quokka (D:2)
  3 bats
  2 giant newts (D:1)
  3 jackals (D:1)
  6 kobolds
  7 rats
  A rat zombie (D:3)
69 creatures vanquished.

Notes
Turn   | Place    | Note
--------------------------------------------------------------
     0 | D:1      | PolkaDot, the Hill Orc Fighter, began the quest for the Orb.
     0 | D:1      | Reached XP level 1. HP: 19/19 MP: 1/1
   260 | D:1      | Reached XP level 2. HP: 27/27 MP: 2/2
   521 | D:1      | Reached skill level 4 in Fighting
   574 | D:1      | Reached XP level 3. HP: 33/33 MP: 3/3
   849 | D:2      | Found a glowing golden altar of the Shining One.
   977 | D:2      | Reached XP level 4. HP: 40/40 MP: 4/4
   981 | D:2      | Noticed Jessica
  1005 | D:2      | Killed Jessica
  1161 | D:2      | Found an iron altar of Okawaru.
  1331 | D:2      | Found a shadowy altar of Dithmenos.
  1338 | D:2      | Reached skill level 5 in Axes
  1338 | D:2      | Reached XP level 5. HP: 43/47 MP: 5/5
  1812 | D:3      | Reached skill level 5 in Fighting
  1829 | D:3      | Noticed Grinder
  1831 | D:3      | Paralysed by Grinder for 3 turns
  1838 | D:3      | Paralysed by Grinder for 2 turns
  1845 | D:3      | Killed Grinder
  1845 | D:3      | Reached skill level 6 in Axes
  1845 | D:3      | Reached XP level 6. HP: 29/56 MP: 6/6
  1912 | D:3      | Found a shattered altar of Ashenzari.
  1976 | D:3      | Noticed Natasha
  1982 | D:3      | Killed Natasha
  2149 | D:3      | Reached XP level 7. HP: 50/62 MP: 7/7
  2350 | D:3      | Noticed Natasha
  2356 | D:3      | Killed Natasha
  2434 | D:4      | Noticed PolkaDot's ghost (experienced HOGl)
  2475 | D:4      | Mangled by PolkaDot's ghost

Action                   |  1- 3 |  4- 6 |  7- 9 || total
-------------------------+-------+-------+-------++-------
Melee: War axe           |   100 |   121 |    42 ||   263
  Use: Potion            |       |     1 |     2 ||     3
  Eat: Chunk             |       |     4 |     1 ||     5
